 Dungeon Crawl Stone Soup version 0.30-a0-34-gbe8da3892a (webtiles) character file.

Game seed: 17762402169563151237

1099 timneilson the Shield-Bearer (level 8, 0/48 HPs)
             Began as a Gargoyle Fighter on Aug 27, 2022.
             Was a Believer of Okawaru.
             Slain by a black bear (5 damage)
             ... on level 6 of the Dungeon.
             The game lasted 00:11:00 (6298 turns).

timneilson the Shield-Bearer (Gargoyle Fighter)     Turns: 6298, Time: 00:11:01

Health: 0/48       AC: 17    Str: 21    XL:     8   Next: 32%
Magic:  9/9        EV: 10    Int: 10    God:    Okawaru [**....]
Gold:   1428       SH:  5    Dex:  9    Spells: 7/7 levels left

rFire   . . .      SeeInvis +    a - +0 long sword
rCold   . . .      Faith    .    c - +0 buckler
rNeg    + . .      Spirit   .    b - +0 scale mail
rPois   ∞          Reflect  .    e - +0 helmet
rElec   +          Harm     .    v - +2 cloak
rCorr   +          Rampage  .    (no gloves)
Will    .....                    (no boots)
Stlth   ..........               n - amulet of the acrobat
HPRegen 0.16/turn                l - ring of see invisible
MPRegen 0.11/turn                g - ring of resist corrosion

@: no status effects
A: sickness immunity, AC +5, negative energy resistance 1, electricity
resistance, torment resistance 1, petrification resistance
a: Renounce Religion, Heroism


You were on level 6 of the Dungeon.
You worshipped Okawaru.
Okawaru was pleased with you.
You visited 2 branches of the dungeon, and saw 7 of its levels.

You collected 1428 gold pieces.

Inventory:

Hand Weapons
 a - a +0 long sword (weapon)
Armour
 b - a +0 scale mail (worn)
 c - a +0 buckler (worn)
 e - a +0 helmet (worn)
 v - a +2 cloak (worn)
Jewellery
 g - a ring of resist corrosion (right hand)
 l - a ring of see invisible (left hand)
 n - an amulet of the acrobat (around neck)
 u - an amulet of faith
Scrolls
 h - 2 scrolls of immolation
 j - a scroll of poison
 q - a scroll of teleportation
 r - a scroll of enchant armour
Potions
 d - a potion of might
 f - a potion of brilliance
 i - 3 potions of flight
 k - a potion of curing
 m - a potion of resistance {unknown}
 p - a potion of attraction
 s - a potion of ambrosia {unknown}
 t - 2 potions of degeneration {unknown}


   Skills:
 + Level 4.8 Fighting
 * Level 4.5 Long Blades
 * Level 6.0 Armour
 + Level 2.3 Dodging
 * Level 6.1 Shields
 + Level 2.1 Invocations


You had 7 spell levels left.
You didn't know any spells.
Your spell library contained the following spells:

 Spells                   Type           Power      Damage    Failure   Level
 Foxfire                  Conj/Fire      0%         2x1d4     77%         1
 Conjure Flame            Conj/Fire      0%         6-21      98%         3
 Inner Flame              Hex/Fire       0%         N/A       98%         3
 Ozocubu's Armour         Ice            0%         N/A       98%         3
 Flame Wave               Conj/Fire      0%         2d4       100%        4
 Ozocubu's Refrigeration  Ice            0%         4d7       100%        7


Dungeon Overview and Level Annotations

Branches:
Dungeon (6/15)             Temple (1/1) D:4

Altars:
Ashenzari
Cheibriados
Dithmenos
Elyvilon
Fedhas
Gozag
Hepliaklqana
Makhleb
Nemelex Xobeh
Okawaru
Qazlal
Ru
Sif Muna
Trog
Uskayaw
Xom
Yredelemnul
Zin

Shops:
D:4 *


Innate Abilities, Weirdness & Mutations

You are immune to sickness and miasma.
Your stone body is resilient. (AC +5)
You are immune to poison.
You resist negative energy. (rN+)
You are resistant to electric shocks. (rElec)
You are resistant to unholy torment.
You are immune to petrification.


Message History

The black bear is severely wounded.
The black bear goes berserk!
You hit the black bear.
The black bear is almost dead.
The black bear bites you but does no damage.
You block the black bear's attack. The black bear claws you.
The black bear bites you but does no damage.
The black bear misses you.
The black bear claws you but does no damage.
You hit the black bear but do no damage.
The black bear is almost dead.
The black bear bites you!
The black bear claws you but does no damage.
The black bear barely misses you. You block the black bear's attack.
The black bear barely misses you. You block the black bear's attack.
You closely miss the black bear.
The black bear is almost dead.
The black bear bites you!
* * * LOW HITPOINT WARNING * * *
The black bear claws you but does no damage. x2
You hit the black bear but do no damage.
The black bear is almost dead.
The black bear bites you but does no damage.
The black bear claws you but does no damage.
The black bear closely misses you.
The black bear bites you but does no damage.
The black bear claws you but does no damage. x2
You closely miss the black bear.
The black bear is almost dead.
The black bear bites you but does no damage.
The black bear claws you but does no damage.
The black bear closely misses you. x2
The black bear claws you but does no damage.
The black bear misses you.
You hit the black bear.
The black bear is almost dead.
The black bear bites you!
* * * LOW HITPOINT WARNING * * *
The black bear claws you.
You die...

....... ........
........ ........
## ... ....## ..#
##.. #...## ...#
#.. #...#
....###.# ##@.#
........#
####h#..#
.......##
##....####
>......# ##.....##
.......# #.......#
.......###.......#
...>...##........#
.....#.##........#
....#..##........#


You could see a black bear (berserk).

Vanquished Creatures
  Sigmund (D:5)
  3 ice beasts (D:5)
  The ghost of ponyjar the Conjurer, an amateur OpWn (D:3)
  A jelly (D:6)
  Crazy Yiuf (D:4)
  An orc priest (D:5)
  3 hounds
  Jessica (D:3)
  Terence (D:3)
  3 iguanas
  4 gnolls (D:3)
  6 adders
  8 river rats (D:5)
  A white imp (D:5)
  An ufetubus (D:4)
  3 worms
  2 dart slugs
  9 orcs
  4 endoplasms
  4 giant cockroaches
  6 hobgoblins
  4 jackals (D:1)
  6 kobolds
  6 quokkas (D:5)
  4 ball pythons
  2 bats (D:2)
  10 goblins
  19 rats
115 creatures vanquished.

Vanquished Creatures (others)
  3 plants (D:4)
3 creatures vanquished.

Grand Total: 118 creatures vanquished

Notes
Turn   | Place    | Note
-------+----------+-------------------------------------------
     0 | D:1      | timneilson the Gargoyle Fighter began the quest for the
                  | Orb.
     0 | D:1      | Reached XP level 1. HP: 14/14 MP: 1/1
   363 | D:1      | Reached XP level 2. HP: 19/19 MP: 2/2
   972 | D:2      | Reached XP level 3. HP: 16/23 MP: 3/3
  1346 | D:2      | Found a faded altar of an unknown god.
  1843 | D:3      | Found a transporter.
  1847 | D:3      | Noticed ponyjar's ghost (amateur OpWn)
  1849 | D:3      | Found a transporter.
  1908 | D:3      | Noticed Jessica
  1924 | D:3      | Killed Jessica
  1925 | D:3      | Reached XP level 4. HP: 24/28 MP: 4/4
  2605 | D:3      | Reached XP level 5. HP: 29/33 MP: 5/5
  2609 | D:3      | Reached skill level 1 in Dodging
  2762 | D:3      | Found a shimmering altar of Xom.
  2796 | D:3      | Noticed Terence
  2810 | D:3      | Killed Terence
  3368 | D:3      | Killed ponyjar's ghost
  3369 | D:3      | Reached XP level 6. HP: 14/38 MP: 6/6
  3784 | D:4      | Found Ytid's General Store.
  3791 | D:4      | Found an iron altar of Okawaru.
  3809 | D:4      | Became a worshipper of Warmaster Okawaru
  4199 | D:4      | Found a staircase to the Ecumenical Temple.
  4208 | Temple   | Entered the Ecumenical Temple
  4689 | D:4      | Found a runed translucent door.
  4690 | D:4      | Noticed Crazy Yiuf
  4699 | D:4      | Killed Crazy Yiuf
  4889 | D:5      | Entered Level 5 of the Dungeon
  4940 | D:5      | Noticed Sigmund
  4942 | D:5      | Noticed an ice beast
  4957 | D:5      | Killed Sigmund
  4958 | D:5      | Reached skill level 5 in Armour
  4958 | D:5      | Reached skill level 5 in Shields
  4958 | D:5      | Reached skill level 1 in Invocations
  4958 | D:5      | Reached XP level 7. HP: 28/43 MP: 7/7
  4959 | D:5      | Reached * piety under Okawaru
  5221 | D:5      | Reached XP level 8. HP: 26/48 MP: 9/9
  5781 | D:5      | Reached ** piety under Okawaru
  6221 | D:5      | Identified a scroll of acquirement
  6221 | D:5      | Acquired 1198 gold pieces
  6298 | D:6      | Slain by a black bear

Illustrated notes

Levels and vault maps discovered:
D:1:      sevenhm_arrival_forest_fort_large_2, layout_basic
D:2:      layout_basic, hellmonk_ecumenical_altar_blasted
D:3:      layout_basic, lemuel_crystal_altar, gammafunk_ghost_arena,
          kennysheep_generic_room_16, uniq_jessica, uniq_terence
D:4:      layout_loops_corners, mainiacjoe_overflow_concentric_impassable,
          minmay_temple_entry_gardened_gates, serial_shops, shop, minivault_26,
          kennysheep_generic_room_11, uniq_crazy_yiuf_cottage
D:5:      lemuel_ratsnest, layout_cave_pools, uniq_sigmund
D:6:      layout_cave_pods, grunt_temple_overflow_open
Temple:   nicolae_temple_slightly_damp_pantheon

Skill      XL: |  1  2  3  4  5  6  7  8 |
---------------+-------------------------+-----
Long Blades    | 2 3 4 |  4.5
Shields        | 4 5 6 |  6.1
Armour         | 4 5 6 |  6.0
Dodging        | 1 2 |  2.3
Fighting       | 4 |  4.8
Invocations    | 1 2 |  2.1

Action                   |  1- 3 |  4- 6 |  7- 9 || total
-------------------------+-------+-------+-------++-------
Melee: Long sword        |   143 |   273 |   278 ||   694
  Use: Scroll            |     8 |     5 |     2 ||    15
       Potion            |       |     4 |     1 ||     5
Armor: Scale mail        |    87 |   198 |   155 ||   440
Dodge: Dodged            |    58 |   180 |   187 ||   425
Block: Buckler           |    35 |    87 |    63 ||   185

Table legend: (Time is in decaauts)
 A = Elapsed time spent in this place.
 B = Non-inter-level travel time spent in this place.
 C = Inter-level travel time spent in this place.
 D = Time resting spent in this place.
 E = Time spent auto-exploring this place.
 F = Levels seen in this place.
 G = Mean time per level.
                   A        B        C        D        E       F      G
               +--------+--------+--------+--------+--------+-----+--------+
         Total |   6474 |   6300 |    174 |     24 |   4786 |   7 |  924.9 |
       Dungeon |   6291 |   6135 |    156 |     24 |   4639 |   6 | 1048.5 |
        Temple |    182 |    164 |     18 |      0 |    147 |   1 |  182.0 |
               +--------+--------+--------+--------+--------+-----+--------+

Top non-repeatable levels by time:
     D:3: 1842 daAuts
     D:5: 1396 daAuts
     D:4: 1128 daAuts
     D:2: 950 daAuts
     D:1: 916 daAuts
  Temple: 182 daAuts
     D:6: 58 daAuts
